Map: Ever Dream LE

Players

Nina

  • Race: Protoss Protoss
  • League: Grandmaster
  • Spawn Location: 1:00

Scarlett - Winner!

  • Race: Zerg Zerg
  • Spawn Location: 7:00

Event: DreamHack SC2 Masters 2020 Fall

VOD

Have the link to the VOD?

Description

Time

  • Played on: Sept. 12, 2020, 4:59 p.m.
  • Length: 10:12

All games in this series

Show
View Real Time Build Order
Export as new Build Order

Nina Protoss 

Build Orders: 1 Gate Expand, Oracle Opening, Phoenix Opening 

Get SALT Encoding   

  12  0:00  Probe  
  13  0:12  Probe  
  14  0:18  Pylon  
  14  0:27  Probe  
  15  0:36  Gateway  
  15  0:39  Probe (Chrono Boost)  
  16  0:46  Assimilator  
  16  0:49  Probe (Chrono Boost)  
  17  0:54  Probe (Chrono Boost)  
  18  1:05  Probe  
  19  1:17  Probe  
  20  1:23  Nexus  
  20  1:32  Cybernetics Core  
  20  1:36  Probe  
  21  1:43  Assimilator  
  21  1:48  Probe  
  21  1:51  Pylon  
  22  2:01  Probe  
  23  2:06  Adept (Chrono Boost)  
  23  2:14  Probe  
  26  2:18  Stargate  
  26  2:27  Warp Gate  
  26  2:28  Probe (Chrono Boost)  
  27  2:30  Adept (Chrono Boost)  
  29  2:37  Probe (Chrono Boost)  
  31  2:47  Probe (Chrono Boost)  
  31  2:48  Gateway  
  31  2:49  Probe (Chrono Boost)  
  32  2:52  Adept  
  32  2:53  Probe (Chrono Boost)  
  32  2:55  Probe  
  36  3:04  Oracle (Chrono Boost)  
  39  3:06  Probe  
  39  3:08  Probe  
  41  3:14  Pylon  
  41  3:18  Probe  
  42  3:20  Probe  
  43  3:30  Probe  
  43  3:33  Probe  
  45  3:37  Phoenix (Chrono Boost)  
  47  3:42  Probe  
  47  3:45  Probe  
  47  3:47  Pylon  
  49  3:54  Probe  
  49  3:55  Pylon  
  50  3:57  Probe  
  50  4:00  Oracle (Chrono Boost)  
  54  4:07  Probe  
  54  4:09  Probe  
  56  4:16  Nexus  
  56  4:19  Probe  
  56  4:21  Probe  
  58  4:28  Assimilator  
  58  4:29  Sentry x2  
  58  4:30  Assimilator  
  58  4:31  Probe  
  63  4:33  Probe, Pylon  
  64  4:43  Probe  
  64  4:45  Robotics Facility, Probe  
  66  4:53  Shield Battery  
  66  4:55  Probe, Pylon  
  66  4:57  Probe  
  66  4:58  Pylon  
  68  5:02  Twilight Council  
  68  5:04  Forge  
  68  5:07  Probe  
  68  5:09  Sentry, Probe  
  72  5:19  Gateway, Probe  
  73  5:21  Gateway, Probe  
  73  5:23  Gateway  
  74  5:28  Probe (Chrono Boost)  
  74  5:32  Immortal (Chrono Boost)  
  74  5:33  Probe (Chrono Boost)  
  81  5:37  Probe (Chrono Boost)  
  81  5:40  Probe (Chrono Boost)  
  82  5:48  Probe (Chrono Boost)  
  82  5:49  Probe x2 (Chrono Boost)  
  85  5:55  Probe x2  
  87  5:58  Assimilator, Probe  
  87  5:59  Assimilator  
  87  6:00  Pylon  
  87  6:02  Blink, Protoss Ground Weapons Level 1  
  87  6:03  Robotics Bay  
  88  6:05  Sentry, Pylon  
  88  6:07  Probe  
  88  6:08  Probe  
  92  6:14  Probe  
  92  6:17  Gateway  
  93  6:19  Probe  
  93  6:21  Gateway  
  93  6:22  Gateway  
  93  6:25  Stalker x2  
  98  6:29  Observer (Chrono Boost)  
  98  6:32  Probe  
  100  6:33  Probe  
  101  6:47  Stalker x3  
  101  6:48  Sentry  
  113  6:54  Colossus (Chrono Boost)  
  113  6:57  Gateway  
  113  7:00  Gateway, Stalker  
  117  7:03  Pylon  
  117  7:06  Photon Cannon  
  117  7:09  Pylon x2  
  117  7:11  Stalker x3  
  123  7:20  Pylon  
  123  7:27  Robotics Facility  
  123  7:30  Stalker x4  
  123  7:35  Stalker x3  
  137  7:48  Stalker  
  139  7:55  Stalker x5  
  139  7:57  Probe  
  146  8:06  Colossus  
  142  8:13  Stalker x2  
  138  8:20  Zealot  
  138  8:21  Zealot x3  
  138  8:24  Zealot  
  143  8:27  Colossus  
  147  8:35  Probe  
  147  8:36  Stalker  
  150  8:46  Nexus  
  136  8:57  Probe  
  136  9:01  Stalker x4  
  128  9:07  Stalker  
  110  9:17  Stalker  
  110  9:23  Stalker  
  105  9:28  Zealot, Stalker  
  105  9:29  Zealot x2  
  100  9:36  Stalker  
  98  9:43  Zealot  
  98  9:44  Shield Battery  
  100  9:46  Probe  
  100  9:47  Shield Battery, Probe  
  100  9:49  Photon Cannon  
  102  9:55  Zealot  
  94  10:00  Stalker  
  94  10:06  Stalker x2  
Show
View Real Time Build Order
Export as new Build Order

Scarlett Zerg - Winner!

Build Orders: Hatch First, Swarm Host 

Get SALT Encoding   

  12  0:00  Drone  
  13  0:12  Overlord  
  13  0:16  Drone  
  14  0:30  Drone x2  
  16  0:46  Hatchery  
  15  0:50  Drone  
  15  0:53  Drone  
  17  0:57  Drone  
  18  1:08  Extractor  
  17  1:12  Spawning Pool  
  17  1:15  Drone  
  17  1:19  Drone  
  17  1:23  Unknown x3  
  18  1:28  Drone  
  19  1:38  Drone  
  20  1:49  Drone  
  21  1:58  Queen  
  21  1:59  Drone, Queen  
  26  2:01  Overlord  
  26  2:09  Drone  
  26  2:14  Drone  
  28  2:21  Hatchery  
  27  2:24  Drone  
  27  2:26  Drone  
  29  2:31  Metabolic Boost  
  29  2:34  Drone  
  30  2:37  Zergling x2  
  30  2:43  Drone  
  32  2:47  Overlord  
  32  2:49  Queen  
  34  2:54  Zergling x4  
  36  3:06  Zergling x2  
  36  3:07  Drone x4  
  36  3:12  Queen  
  43  3:25  Drone  
  44  3:29  Overlord  
  44  3:34  Queen x2  
  44  3:35  Overlord  
  44  3:36  Drone x2  
  50  3:43  Spore Crawler  
  50  3:44  Drone x2, Spore Crawler  
  50  3:52  Drone  
  50  3:54  Drone x4  
  55  3:58  Drone  
  55  4:01  Drone  
  57  4:05  Overlord x2  
  57  4:07  Overlord  
  56  4:12  Spore Crawler  
  56  4:16  Drone  
  56  4:17  Drone x2  
  58  4:18  Overlord  
  58  4:24  Drone  
  58  4:25  Drone x3  
  62  4:33  Evolution Chamber  
  62  4:35  Drone x2, Lair  
  62  4:36  Drone  
  64  4:40  Roach Warren  
  64  4:41  Drone  
  64  4:43  Drone  
  65  4:46  Drone x3  
  65  4:47  Drone  
  65  4:49  Drone  
  70  4:53  Drone x3  
  73  5:00  Extractor, Zerg Missile Weapons Level 1  
  73  5:01  Extractor  
  73  5:02  Drone x4  
  75  5:07  Drone x2  
  75  5:09  Extractor  
  75  5:11  Extractor  
  74  5:15  Drone x5  
  74  5:18  Drone x3  
  74  5:20  Extractor  
  81  5:25  Drone x2  
  83  5:30  Hatchery  
  83  5:31  Drone  
  83  5:32  Drone x2  
  83  5:33  Glial Reconstitution  
  85  5:36  Roach x2  
  89  5:43  Overlord x2  
  89  5:49  Overlord  
  88  5:57  Overlord  
  88  5:58  Overlord x3  
  88  6:04  Roach x7, Infestation Pit  
  102  6:07  Overseer  
  101  6:12  Zergling x4  
  103  6:22  Overlord x2  
  102  6:28  Drone  
  102  6:29  Drone x2  
  102  6:30  Unknown  
  104  6:39  Swarm Host x9  
  104  6:43  Swarm Host  
  134  6:49  Swarm Host  
  134  6:52  Swarm Host  
  140  6:56  Overlord x3  
  140  6:57  Overlord  
  140  7:02  Nydus Network  
  140  7:05  Roach x4, Zergling x12  
  153  7:13  Zerg Missile Weapons Level 2  
  153  7:18  Roach x4  
  161  7:24  Roach x6  
  173  7:33  Roach x2  
  177  7:39  Roach x7  
  177  7:41  Ravager x2  
  192  7:57  Swarm Host x3  
  198  8:03  Nydus Canal  
  200  8:12  Roach  
  200  8:13  Roach x6  
  200  8:19  Roach x7  
  198  8:22  Ravager  
  198  8:26  Hive  
  197  8:28  Hydralisk Den  
  191  8:40  Roach  
  191  8:41  Roach x8  
  194  8:49  Roach x3  
  188  8:57  Roach x4  
  186  9:05  Roach x9  
  198  9:12  Roach x3  
  198  9:16  Nydus Canal  
  196  9:23  Roach  
  196  9:24  Roach x4  
  173  9:33  Lurker Den  
  173  9:38  Ravager x2  
  170  9:39  Roach x6  
  182  9:49  Roach x3  
  188  9:56  Hatchery  

Tags
 
Add a new tag
Caveats
  • Supply blocks, unpowered buildings, or Contaminate may cause inaccurate times.
  • Supply counts are checked every 10 seconds.